AoeStats
← pinKKKKKKKK

Lombardia

507574208Analyzed
3v3 RM · 14d ago on Sep 18, 2026· 31m 36s· 6 players
Game mode
Random Map
Map size
Normal (6 player)
Population
200
Speed
Normal
Resources
Standard
Victory
Conquest
Starting age
Dark Age
Ending age
Imperial Age
RankedLock teamsTeams togetherTeam positionsShared explorationLock speedFull tech treeHidden civsTurbo modeCheats
Victory
Defeat
🇦🇷 Burgundians · Argentina
1097
+13
🇦🇷 Vietnamese · Argentina
1007
+16
🇦🇷 Franks · Argentina
1006
+15
🇿🇦 Sicilians · South Africa
1045
-46
🇿🇦 Turks · South Africa
1000
-42
🇿🇦 Vietnamese · South Africa
1000
-42
gyaaseen
11:06 Feudal Age
Barakatjie
12:08 Feudal Age
13:33 Wheelbarrow
12:47 Double-Bit Axe
BlackHammer1181
9:44 Feudal Age
11:10 Wheelbarrow
11:16 Horse Collar
13:33 Forging
15:13 Scale Mail Armor
18:18 Fletching
18:29 Padded Archer Armor
19:58 Man-at-Arms
21:14 Arson
[NIRT13] Coke CoLa!
7:29 Loom
10:57 Feudal Age
12:17 Double-Bit Axe
12:55 Padded Archer Armor
13:02 Gold Mining
13:18 Horse Collar
21:57 Castle Age
20:31 Fletching
22:10 Crossbowman
22:57 Thumb Ring
23:02 Heavy Plow
31:30 Ballistics
31:09 Bodkin Arrow
31:30 Leather Archer Armor
pinKKKKKKKK
10:15 Feudal Age
14:53 Wheelbarrow
15:54 Scale Mail Armor
16:05 Forging
22:42 Castle Age
22:17 Gold Mining
22:10 Horse Collar
22:18 Double-Bit Axe
22:41 Scale Barding Armor
23:06 Cavalier
23:54 Husbandry
24:43 Bow Saw
25:55 Iron Casting
Facu476
7:48 Loom
10:12 Feudal Age
11:41 Gold Mining
12:36 Double-Bit Axe
16:03 Wheelbarrow
19:12 Castle Age
18:42 Scale Mail Armor
20:32 Forging
21:00 Bow Saw
21:34 Scale Barding Armor
23:42 Husbandry
25:59 Hand Cart
29:32 Iron Casting
29:13 Chain Mail Armor
Connection lost

Rejoining the realm…

Still unreachable

The connection could not be restored.

Session expired

The server has moved on; the page needs a fresh start.